 Dungeon Crawl Stone Soup version 0.28-a0-1510-gd0f6b136d3 (webtiles) character file.

Game seed: 4783500937907614967

5432 Gargoyl the Fighter (level 10, -2/123 HPs)
             Began as a Gnoll Abyssal Knight on Jan 15, 2022.
             Was an Elder of Lugonu.
             Slain by a wyvern zombie (10 damage)
             ... on level 7 of the Dungeon.
             The game lasted 00:13:46 (11238 turns).

Gargoyl the Fighter (Gnoll Abyssal Knight)         Turns: 11238, Time: 00:13:46

Health: -2/123     AC: 25    Str: 17    XL:     10   Next: 67%
Magic:  18/18      EV:  2    Int: 10    God:    Lugonu [****..]
Gold:   415        SH:  0    Dex: 12    Spells: 20/20 levels left

rFire   + . .      SeeInvis .   l - +3 hand axe (flame)
rCold   . . .      Faith    .   w - +0 buckler
rNeg    . . .      Spirit   .   (armour currently unavailable)
rPois   +          Reflect  .   (helmet currently unavailable)
rElec   .          Harm     .   (cloak currently unavailable)
rCorr   .          Rampage  .   (gloves currently unavailable)
Will    .....      NoTele   +   (boots currently unavailable)
Stlth   +.........              (no amulet)
HPRegen 0.30/turn               t - ring of protection from fire
MPRegen 0.16/turn               (no ring)

@: confused, brilliant, tree-form, ambrosia-drunk
A: stationary, stasis, torment immunity, boosted hp, (fangs 1), strong nose,
distributed training
a: Renounce Religion, Depart the Abyss, Bend Space, Banish, Corrupt


You were on level 7 of the Dungeon.
You worshipped Lugonu.
Lugonu was greatly pleased with you.
You were a tree.
You visited 1 branch of the dungeon, and saw 7 of its levels.
You visited the Abyss 1 time.
You also visited: Sewer and Bailey.

You collected 415 gold pieces.

Inventory:

Hand Weapons
 a - a +1 hand axe
 e - a +5 short sword
 j - a +1 short sword of electrocution
 l - a +3 hand axe of flaming (weapon)
Missiles
 v - 8 poisoned darts (quivered)
Armour
 b - a +1 plate armour of fire resistance
 g - a +0 cloak (melded)
 o - a +1 chain mail of cold resistance
 r - a +0 pair of gloves (melded)
 s - the +0 plate armour "Koecroq" (melded) {Rampage Will+ Str+2 Stlth-}
   (You found it in a sewer)

   Str:       It affects your strength (+2).
   Rampage:   It bestows one free step when moving towards enemies.
   Will:      It increases your willpower.
   Stlth:     It makes you less stealthy.
 w - a +0 buckler (worn)
 y - a +0 helmet (melded)
Jewellery
 t - a ring of protection from fire (left branch)
Wands
 f - a wand of acid (6)
Scrolls
 m - 2 scrolls of magic mapping
 q - 3 scrolls of teleportation
Potions
 c - 3 potions of lignification
 d - a potion of curing
 h - 2 potions of ambrosia
 i - 2 potions of degeneration {unknown}
 k - 3 potions of brilliance
 n - 2 potions of might {unknown}
 p - a potion of magic {unknown}
 u - 2 potions of heal wounds {unknown}
 x - a potion of mutation {unknown}


   Skills:
 + Level 8.6 Fighting
 + Level 5.5 Short Blades
 + Level 5.5 Long Blades
 + Level 7.2 Axes
 + Level 5.5 Maces & Flails
 + Level 5.5 Polearms
 + Level 5.5 Staves
 + Level 5.5 Slings
 + Level 5.5 Bows
 + Level 5.5 Crossbows
 + Level 5.5 Throwing
 + Level 7.2 Armour
 + Level 6.1 Dodging
 + Level 5.5 Stealth
 + Level 5.5 Shields
 + Level 5.5 Unarmed Combat
 + Level 5.5 Spellcasting
 + Level 4.5 Conjurations
 + Level 4.5 Hexes
 + Level 4.5 Summonings
 + Level 4.5 Necromancy
 + Level 4.5 Translocations
 + Level 4.5 Transmutations
 + Level 4.5 Fire Magic
 + Level 4.5 Ice Magic
 + Level 4.5 Air Magic
 + Level 4.5 Earth Magic
 + Level 4.5 Poison Magic
 + Level 7.7 Invocations
 + Level 5.5 Evocations


You had 20 spell levels left.
You didn't know any spells.
Your spell library contained the following spells:

 Spells                   Type           Power      Damage    Failure   Level
 Confusing Touch          Hex            17%        N/A       13%         3
 Inner Flame              Hex/Fire       17%        N/A       13%         3
 Airstrike                Air            8%         N/A       38%         4
 Cause Fear               Hex            8%         N/A       38%         4
 Summon Lightning Spire   Summ/Air       17%        N/A       38%         4
 Lightning Bolt           Conj/Air       8%         1d21      75%         5
 Yara's Violent Unravell  Hex/Tmut       8%         3d5       75%         5
 Enfeeble                 Hex            8%         N/A       100%        7
 Discord                  Hex            8%         N/A       100%        8


Dungeon Overview and Level Annotations

Branches:
Dungeon (7/15)             Temple (0/1) D:7           Sewer (visited)
 Bailey (visited)

Altars:
Cheibriados
Dithmenos

Annotations:
D:7 1 transporter, exclusion: oklob plant, paps's ghost, novice OpFi


Innate Abilities, Weirdness & Mutations

You are a tree.
Your roots penetrate the ground, keeping you stationary.
You cannot be teleported.
You are immune to unholy pain and torment.
Your maximum health is greatly increased.
Your equipment is partially melded.
((You have very sharp teeth.))
Your uncanny sense of smell can sniff out nearby items.
Your experience applies equally to all skills.


Message History

It was a potion of brilliance.
You feel clever all of a sudden. You block paps's ghost's attack.
The howler monkey hoots and howls with incredible vigour!
The wyvern zombie bites you.
* * * LOW HITPOINT WARNING * * *
You feel better. The howler monkey hits you.
* * * LOW HITPOINT WARNING * * *
You block paps's ghost's attack.
The wyvern zombie bites you but does no damage.
It was a potion of ambrosia.
You are confused.
You feel invigorated.
The howler monkey hits you but does no damage.
The wyvern zombie bites you but does no damage.
Paps's ghost hits you but does no damage.
You writhe in agony.
* * * LOW HITPOINT WARNING * * *
The howler monkey hoots and howls with incredible vigour!
The wyvern zombie barely misses you.
You slash the wyvern zombie! You burn the wyvern zombie.
The wyvern zombie is severely damaged.
You hit the howler monkey. You burn the howler monkey.
You closely miss paps's ghost.
Paps's ghost hits you but does no damage.
You writhe in agony.
* * * LOW HITPOINT WARNING * * *
The wyvern zombie bites you!
* * * LOW HITPOINT WARNING * * *
The howler monkey hits you but does no damage.
You hit the howler monkey. You burn the howler monkey.
You kill the howler monkey!
Lugonu accepts your kill.
You closely miss the wyvern zombie. You hit paps's ghost.
You burn paps's ghost.
Paps's ghost hits you but does no damage.
You writhe in agony.
* * * LOW HITPOINT WARNING * * *
The wyvern zombie bites you!
You die...

#.....<....####.##.#.### #...
##########'####.##.#.# #...
##.............#.# ##...
#..........©...#.# #....
#........#####...# #.###
#.......##...##..#####.# ####
#......##.###.##.......#
...#####[....##≈.≈...≈##..#####
............##8†♣W).†≈8##..##
##.######..##..#Z###)#≈.##..##
#..####..##....##h##....##..#
#........#.#...#...##.≈#.#..#
#.#####..#©#..#.....#..#©#..#
##.# #..#.#..##..Z##..#.#..#
.#.# #..##...$##?#W..F.##..#
...# ##..##.≈#$###.#hY##...####
...# ##..##P..$..≈.8##..#.##..


You could see paps's ghost and a wyvern zombie.

Vanquished Creatures
  A yak (D:7)
  A water moccasin (D:7)
  A hornet zombie (D:7)
  A black bear (D:7)
  2 ice beasts
  4 sky beasts
  A necrophage (D:6)
  2 centaurs
  2 ogres
  A kobold brigand (D:7)
  5 bullfrogs
  A scorpion (D:5)
  A water moccasin skeleton (D:7)
  A wight (D:7)
  8 vampire bats (Bailey)
  2 howler monkeys (D:7)
  2 electric eels (D:7)
  A bullfrog zombie (D:7)
  5 wolf zombies (Bailey)
  A centaur zombie (D:6)
  A jelly (D:5)
  2 hounds (D:4)
  3 centaur skeletons (D:7)
  2 iguanas
  3 orc priests
  2 orc wizards
  A hound zombie (D:5)
  A howler monkey zombie (D:7)
  10 gnolls
  13 adders
  A river rat (D:6)
  A shadow imp (D:7)
  2 white imps
  2 ufetubi
  2 worms
  10 orcs
  16 ball pythons
  9 endoplasms
  17 giant cockroaches
  10 goblins
  9 hobgoblins
  3 jackals (D:3)
  7 quokkas
  5 bats (D:1)
  9 frilled lizards
  12 kobolds
  22 orc zombies (Bailey)
  10 rats
228 creatures vanquished.

Notes
Turn   | Place    | Note
-------+----------+-------------------------------------------
     0 | Abyss:1  | Gargoyl the Gnoll Abyssal Knight began the quest for the
                  | Orb.
     0 | Abyss:1  | Reached XP level 1. HP: 23/23 MP: 3/3
    35 | Abyss:2  | Noticed a lich
    71 | D:1      | Escaped the Abyss
   252 | D:1      | Reached XP level 2. HP: 29/29 MP: 5/5
   291 | D:1      | Reached * piety under Lugonu
   503 | D:1      | Found a faded altar of an unknown god.
   806 | D:1      | Reached XP level 3. HP: 31/35 MP: 6/6
  1187 | D:2      | Reached ** piety under Lugonu
  1255 | D:2      | Reached skill level 1 in Short Blades
  1255 | D:2      | Reached skill level 1 in Long Blades
  1255 | D:2      | Reached skill level 1 in Maces & Flails
  1255 | D:2      | Reached skill level 1 in Polearms
  1255 | D:2      | Reached skill level 1 in Staves
  1255 | D:2      | Reached skill level 1 in Slings
  1255 | D:2      | Reached skill level 1 in Bows
  1255 | D:2      | Reached skill level 1 in Crossbows
  1255 | D:2      | Reached skill level 1 in Throwing
  1255 | D:2      | Reached skill level 1 in Stealth
  1255 | D:2      | Reached skill level 1 in Shields
  1255 | D:2      | Reached skill level 1 in Unarmed Combat
  1255 | D:2      | Reached skill level 1 in Spellcasting
  1255 | D:2      | Reached skill level 1 in Evocations
  1472 | D:2      | Reached XP level 4. HP: 40/41 MP: 7/7
  2720 | D:3      | Reached skill level 1 in Conjurations
  2720 | D:3      | Reached skill level 1 in Hexes
  2720 | D:3      | Reached skill level 1 in Summonings
  2720 | D:3      | Reached skill level 1 in Necromancy
  2720 | D:3      | Reached skill level 1 in Translocations
  2720 | D:3      | Reached skill level 1 in Transmutations
  2720 | D:3      | Reached skill level 1 in Fire Magic
  2720 | D:3      | Reached skill level 1 in Ice Magic
  2720 | D:3      | Reached skill level 1 in Air Magic
  2720 | D:3      | Reached skill level 1 in Earth Magic
  2720 | D:3      | Reached skill level 1 in Poison Magic
  3080 | D:3      | Reached XP level 5. HP: 41/47 MP: 8/8
  3709 | D:3      | Found a snail-covered altar of Cheibriados.
  3709 | D:3      | Found a shadowy altar of Dithmenos.
  4036 | D:4      | Reached skill level 5 in Invocations
  4353 | D:4      | Reached *** piety under Lugonu
  4354 | D:4      | Reached XP level 6. HP: 48/53 MP: 9/9
  4989 | D:5      | Entered Level 5 of the Dungeon
  5014 | D:5      | Reached skill level 5 in Axes
  5014 | D:5      | Reached skill level 5 in Armour
  5241 | D:5      | Reached XP level 7. HP: 52/59 MP: 10/10
  5330 | D:5      | Noticed a two-headed ogre
  5336 | D:5      | Banished a two-headed ogre
  5337 | D:5      | Reached skill level 7 in Fighting
  5337 | D:5      | Reached XP level 8. HP: 67/67 MP: 2/12
  5987 | D:6      | Found a glowing drain.
  6005 | Sewer    | Entered a sewer
  6194 | Sewer    | Reached **** piety under Lugonu
  6593 | Sewer    | Identified the +0 plate armour "Koecroq" {Rampage Will+
                  | Str+2 Stlth-}
  7005 | D:6      | Noticed a two-headed ogre
  7010 | D:6      | Banished a two-headed ogre
  7011 | D:6      | Reached XP level 9. HP: 41/74 MP: 9/15
  7216 | D:6      | Reached skill level 5 in Dodging
  7376 | D:6      | Reached skill level 8 in Fighting
  8124 | D:7      | Found a transporter.
  8125 | D:7      | Noticed paps's ghost (novice OpFi)
  8133 | D:7      | Found a transporter.
  8134 | D:7      | Noticed an oklob plant
  8206 | D:7      | Found a flagged portal.
  8242 | Bailey   | Entered a bailey
  8524 | Bailey   | Noticed a gargoyle
  8528 | Bailey   | Banished a gargoyle
  8529 | Bailey   | Reached XP level 10. HP: 35/80 MP: 12/17
  8732 | Bailey   | Found the +4 robe of Folly {Brilliance Will-∞ Int+8}
  8739 | Bailey   | Reached skill level 5 in Short Blades
  8739 | Bailey   | Reached skill level 5 in Long Blades
  8739 | Bailey   | Reached skill level 5 in Maces & Flails
  8739 | Bailey   | Reached skill level 5 in Polearms
  8739 | Bailey   | Reached skill level 5 in Staves
  8739 | Bailey   | Reached skill level 5 in Slings
  8739 | Bailey   | Reached skill level 5 in Bows
  8739 | Bailey   | Reached skill level 5 in Crossbows
  8739 | Bailey   | Reached skill level 5 in Throwing
  8739 | Bailey   | Reached skill level 5 in Stealth
  8739 | Bailey   | Reached skill level 5 in Shields
  8739 | Bailey   | Reached skill level 5 in Unarmed Combat
  8739 | Bailey   | Reached skill level 5 in Spellcasting
  8739 | Bailey   | Reached skill level 5 in Evocations
  8982 | Bailey   | Identified the +1 steam dragon scales of the Lost Path {rC+
                  | Str+4 Int+4}
  9796 | D:7      | Paralysed by a hornet for 3 turns
  9803 | D:7      | Paralysed by a hornet for 1 turns
 10728 | D:7      | Found a staircase to the Ecumenical Temple.
 11237 | D:7      | HP: 4/123 [wyvern zombie (11)]
 11238 | D:7      | Slain by a wyvern zombie

Illustrated notes

Levels and vault maps discovered:
D:1:      mrwooster_arrival_statue_3, layout_loops_corners,
          hellmonk_ecumenical_altar_run_dry, minmay_surrounded
D:2:      layout_basic, minmay_tromino_mix6
D:3:      layout_loops_ring, gammafunk_temple_overflow_statue,
          corexii_corridor_pit, ebering_dispersal_statue_hall, bh_walls_and_bars
D:4:      layout_layer_cave, minmay_between
D:5:      layout_cave_pools, serial_glass, glass_columns_c, glass_columns_a,
          glass_columns_b, glass_columns_a, glass_columns_b, glass_columns_c,
          item_on_display_a, feat_on_display, due_unseen_surprise,
          item_on_display_a
D:6:      layout_loops_corners, enter_ossuary_1, cheibrodos_sewer_entry_sluice
D:7:      layout_basic, minmay_temple_entry_butterflies, nzn_ghost_randoct,
          enter_bailey_5, water_maze_lemuel

Skill      XL: |  1  2  3  4  5  6  7  8  9 10 |
---------------+-------------------------------+-----
Short Blades   | 1 2 3 4 5 |  5.5
Long Blades    | 1 2 3 4 5 |  5.5
Maces & Flails | 1 2 3 4 5 |  5.5
Polearms       | 1 2 3 4 5 |  5.5
Staves         | 1 2 3 4 5 |  5.5
Slings         | 1 2 3 4 5 |  5.5
Bows           | 1 2 3 4 5 |  5.5
Crossbows      | 1 2 3 4 5 |  5.5
Throwing       | 1 2 3 4 5 |  5.5
Stealth        | 1 2 3 4 5 |  5.5
Shields        | 1 2 3 4 5 |  5.5
Unarmed Combat | 1 2 3 4 5 |  5.5
Spellcasting   | 1 2 3 4 5 |  5.5
Evocations     | 1 2 3 4 5 |  5.5
Conjurations   | 1 2 3 4 |  4.5
Hexes          | 1 2 3 4 |  4.5
Summonings     | 1 2 3 4 |  4.5
Necromancy     | 1 2 3 4 |  4.5
Translocations | 1 2 3 4 |  4.5
Transmutations | 1 2 3 4 |  4.5
Fire Magic     | 1 2 3 4 |  4.5
Ice Magic      | 1 2 3 4 |  4.5
Air Magic      | 1 2 3 4 |  4.5
Earth Magic    | 1 2 3 4 |  4.5
Poison Magic   | 1 2 3 4 |  4.5
Dodging        | 3 4 5 6 |  6.1
Invocations    | 5 6 7 |  7.7
Axes           | 5 6 7 |  7.2
Armour         | 5 6 7 |  7.2
Fighting       | 7 8 |  8.6

Action                   |  1- 3 |  4- 6 |  7- 9 | 10-12 || total
-------------------------+-------+-------+-------+-------++-------
Melee: Hand axe          |    25 |   146 |   301 |   182 ||   654
       Bite              |     7 |    17 |    35 |    17 ||    76
       Short sword       |    67 |       |       |       ||    67
       Punch             |       |     4 |       |       ||     4
Invok: Depart the Abyss  |     1 |       |       |       ||     1
       Banish            |       |       |     4 |     4 ||     8
  Use: Scroll            |     5 |     4 |     8 |     1 ||    18
       Potion            |       |       |       |     6 ||     6
Armor: Leather armour    |    31 |     1 |       |       ||    32
       Plate armour      |       |   100 |   236 |   170 ||   506
       Ring mail         |       |     4 |       |       ||     4
       Skin              |       |       |       |    10 ||    10
Dodge: Dodged            |    70 |    52 |    95 |    89 ||   306
Block: Buckler           |       |       |    55 |    63 ||   118

Table legend: (Time is in decaauts)
 A = Elapsed time spent in this place.
 B = Non-inter-level travel time spent in this place.
 C = Inter-level travel time spent in this place.
 D = Time resting spent in this place.
 E = Time spent auto-exploring this place.
 F = Levels seen in this place.
 G = Mean time per level.
                   A        B        C        D        E       F      G
               +--------+--------+--------+--------+--------+-----+--------+
         Total |  11402 |  11123 |    279 |   1764 |   7069 |  11 | 1036.5 |
       Dungeon |   9017 |   8738 |    279 |   1019 |   6110 |   7 | 1288.1 |
         Abyss |     70 |     70 |      0 |      0 |     26 |   2 |   35.0 |
         Sewer |    944 |    944 |      0 |      0 |    518 |   1 |  944.0 |
        Bailey |   1370 |   1370 |      0 |    745 |    415 |   1 | 1370.0 |
               +--------+--------+--------+--------+--------+-----+--------+

Top non-repeatable levels by time:
     D:7: 1764 daAuts
     D:4: 1522 daAuts
  Bailey: 1370 daAuts
     D:6: 1343 daAuts
     D:2: 1239 daAuts
     D:1: 1116 daAuts
     D:3: 1071 daAuts
     D:5: 960 daAuts
   Sewer: 944 daAuts
 Abyss:2: 62 daAuts
 Abyss:1: 8 daAuts
